WCHLSIM.com - West Coast Hockey League
html PUBLIC "-//W3C//DTD XHTML 1.0 Transitional//EN" "http://www.w3.org/TR/xhtml1/DTD/xhtml1-transitional.dtd"> WCHL - Game 871 - BANFF WOLVES vs KANSAS CITY KILLERBEES

BANFF WOLVES vs KANSAS CITY KILLERBEES

Created - 22 février 2024 at 21:07

Goals
1 2 3 T
BANFF WOLVES 3 0 3 6
KANSAS CITY KILLERBEES 0 0 0 0
Shots
1 2 3 T
BANFF WOLVES 12 10 14 36
KANSAS CITY KILLERBEES 6 7 5 18

1st period

1. BANFF WOLVES , Roman Josi 12 (Tyler Toffoli 21, Adam Henrique 13) at 1:18
2. BANFF WOLVES , Joel Eriksson Ek 23 (Timo Meier 21) at 14:50
3. BANFF WOLVES , Adam Henrique 9 (Tyler Toffoli 22, Roman Josi 29) at 17:37

Penalties :
No Penalty

2nd period

No Goal

Penalties :
Tyler Johnson (KCK) for Hooking (Minor) at 5:45

3rd period

4. BANFF WOLVES , Artemi Panarin 23 (Mats Zuccarello 34, Elias Lindholm 37) at 3:12
5. BANFF WOLVES , Cam Fowler 4 (Mats Zuccarello 35) at 10:01
6. BANFF WOLVES , Adam Henrique 10 (Tyler Toffoli 23, Jordan Staal 14) at 13:45

Penalties :
Jacob Muzzin (KCK) for High sticking (Minor) at 7:12, Jacob Muzzin (KCK) for Holding (Minor) at 11:22

Goalie Stats

Joey Daccord (BAN), 18 saves from 18 shots - (1,000), W, 3-0-1, 60:00 minutes
John Gibson (KCK), 20 saves from 24 shots - (0,833), L, 8-24-3, 43:12 minutes
Ilya Samsonov (KCK), 10 saves from 12 shots - (0,833), 16:48 minutes

Players Stats for BANFF WOLVES

Player Name              G  A  P  +/- PIM S  H  SB GA TA FO     MP     PP MP  PK MP  
------------------------------------------------------------------------------------
Adam Henrique            2  1  3   3  0   4  1  0  0  0  1/1    14:07   0:00   0:00 
Artemi Panarin           1  0  1   2  0   3  1  0  0  0  0/0    22:01   2:45   0:00 
Cam Fowler               1  0  1   4  0   2  0  0  0  0  0/0    20:40   0:54   0:00 
Elias Lindholm           0  1  1   2  0   3  1  0  0  0  16/31  22:01   2:45   0:00 
Eric Staal               0  0  0   0  0   0  0  0  0  0  0/0     2:47   0:00   0:00 
Ian Cole                 0  0  0   1  0   0  0  1  0  0  0/0    12:28   0:00   0:00 
Jason Dickinson          0  0  0   0  0   0  0  0  0  0  0/0     2:47   0:00   0:00 
Joel Eriksson Ek         1  0  1   1  0   5  1  1  0  0  13/28  23:52   3:12   0:00 
Jordan Staal             0  1  1   3  0   3  2  0  0  0  16/22  14:07   0:00   0:00 
Mats Zuccarello          0  2  2   2  0   2  1  0  0  0  0/3    22:01   2:45   0:00 
Miro Heiskanen           0  0  0   1  0   1  2  4  0  0  0/0    24:40   2:51   0:00 
Nick Leddy               0  0  0   1  0   0  0  0  0  0  0/0    12:28   0:00   0:00 
Quinton Hughes           0  0  0   1  0   1  2  0  0  0  0/0    24:40   2:51   0:00 
Roman Josi               1  1  2   4  0   3  1  1  0  0  0/0    22:52   3:06   0:00 
Roope Hintz              0  0  0   1  0   2  0  0  0  0  0/0    20:05   2:12   0:00 
Timo Meier               0  1  1   1  0   3  2  0  0  0  1/1    21:05   3:12   0:00 
Tyler Toffoli            0  3  3   3  0   4  0  0  0  0  1/1    17:19   3:12   0:00 
Zach Parise              0  0  0   0  0   0  0  0  0  0  0/0     0:00   0:00   0:00 

Players Stats for KANSAS CITY KILLERBEES

Player Name              G  A  P  +/- PIM S  H  SB GA TA FO     MP     PP MP  PK MP  
------------------------------------------------------------------------------------
Alexis Lafreniere        0  0  0  -4  0   2  3  0  0  0  0/1    17:09   0:00   1:02 
Boone Jenner             0  0  0   0  0   7  1  1  0  0  19/33  22:40   0:00   3:28 
Daniel Walcott           0  0  0  -2  0   0  4  0  0  0  0/0    18:24   0:00   2:46 
Denis Gurianov           0  0  0   0  0   0  0  0  0  0  0/0     6:22   0:00   0:00 
Jacob Muzzin             0  0  0  -3  4   0  3  2  0  0  0/0    20:59   0:00   0:44 
Jakub Voracek            0  0  0  -2  0   0  0  1  0  0  0/1    12:22   0:00   0:00 
James van Riemsdyk       0  0  0  -4  0   1  0  0  0  0  3/3    18:18   0:00   2:11 
Jaret Anderson-Dolan     0  0  0   0  0   1  0  0  0  0  0/0     6:26   0:00   0:04 
K'Andre Miller           0  0  0  -1  0   0  1  0  0  0  0/0    20:28   0:00   2:20 
MacKenzie Entwistle      0  0  0   0  0   0  0  1  0  0  2/8     6:22   0:00   0:00 
Mattias Ekholm           0  0  0  -1  0   0  2  1  0  0  0/0    24:23   0:00   2:44 
Morgan Barron            0  0  0  -2  0   2  0  1  0  0  5/18   12:22   0:00   0:00 
Nicholas Paul            0  0  0   0  0   2  2  0  0  0  0/0    21:23   0:00   2:11 
Philipp Kurashev         0  0  0   0  0   0  0  1  0  0  0/0    19:12   0:00   0:00 
Riley Stillman           0  0  0  -3  0   0  2  0  0  0  0/0    16:46   0:00   0:00 
Sean Walker              0  0  0  -2  0   0  0  3  0  0  0/0    19:15   0:00   3:37 
Tyler Johnson            0  0  0  -4  2   3  1  0  0  0  10/23  18:29   0:00   2:23 
Zach Aston-Reese         0  0  0  -2  0   0  2  0  0  0  0/0    12:40   0:00   0:18 

3 Stars

1 - Adam Henrique (BAN)
2 - Roman Josi (BAN)
3 - Tyler Toffoli (BAN)

Power Play

BANFF WOLVES - 0 on 3 Attempt(s) - 0,00%
KANSAS CITY KILLERBEES - 0 on 0 Attempt(s) - 0,00%

Penalty Kill

BANFF WOLVES - 0 on 0 Attempt(s) - 0,00% - Score 0 goal in Penalty Kill
KANSAS CITY KILLERBEES - 3 on 3 Attempt(s) - 100,00% - Score 0 goal in Penalty Kill

Team Stat

BANFF WOLVES - Hits : 14 - Faceoff Wins : 48 - Blocked Shots : 7 - Penalty Minutes : 0
KANSAS CITY KILLERBEES - Hits : 21 - Faceoff Wins : 39 - Blocked Shots : 11 - Penalty Minutes : 6

Official

Referees : Mitch Dunning and Eric Furlatt
Linesman : Ryan Gibbons and Justin Cornell

Game Notes

Ilya Samsonov enters game at 3:12 of 3rd period

Finance

Level 1 -- Attendance: 6500 (100,00%) -- Ticket Income 975 000 $
Level 2 -- Attendance: 4883 (92,13%) -- Ticket Income 585 960 $
Level 3 -- Attendance: 2368 (94,72%) -- Ticket Income 213 120 $
Level 4 -- Attendance: 4200 (100,00%) -- Ticket Income 210 000 $
Luxury Box -- Attendance: 1020 (100,00%) -- Ticket Income 295 800 $
Game was played at the Missouri Beehive Complex.
Total Attendance: 18971 (97,19%)
Total Ticket Income: 2 279 880 $
Other Expense: 22 799 $
Total Income: 2 257 081 $

BANFF WOLVES

5 vs 5 Forward 
   Center                   Left Wing                Right Wing               Time % Phy DF OF 
 1 Elias Lindholm           Artemi Panarin           Mats Zuccarello          36     0   1  4  
 2 Joel Eriksson Ek         Roope Hintz              Timo Meier               34     0   1  4  
 3 Jordan Staal             Adam Henrique            Tyler Toffoli            25     0   1  4  
 4 Joel Eriksson Ek         Jason Dickinson          Eric Staal               5      0   4  1  

5 vs 5 Defense 
   Defense                  Defense                                           Time % Phy DF OF 
 1 Quinton Hughes           Miro Heiskanen                                    41     0   1  4  
 2 Roman Josi               Cam Fowler                                        41     0   1  4  
 3 Ian Cole                 Nick Leddy                                        9      1   3  1  
 4 Quinton Hughes           Miro Heiskanen                                    9      0   0  5  

PowerPlay Forward 
   Center                   Left Wing                Right Wing               Time % Phy DF OF 
 1 Elias Lindholm           Artemi Panarin           Mats Zuccarello          60     0   0  5  
 2 Joel Eriksson Ek         Tyler Toffoli            Timo Meier               40     0   0  5  

PowerPlay Defense
   Defense                  Defense                                           Time % Phy DF OF 
 1 Quinton Hughes           Miro Heiskanen                                    60     0   0  5  
 2 Roman Josi               Roope Hintz                                       40     0   0  5  

Penalty Kill 4 Players Forward 
   Center                   Wing                     Time % Phy DF OF 
 1 Joel Eriksson Ek         Roope Hintz              50     0   5  0  
 2 Elias Lindholm           Adam Henrique            50     0   5  0  

Penalty Kill 4 Players Defense
   Defense                  Defense                  Time % Phy DF OF 
 1 Miro Heiskanen           Ian Cole                 50     0   5  0  
 2 Roman Josi               Cam Fowler               50     0   5  0  

Penalty Kill - 3 Players Forward 
   Forward                                           Time % Phy DF OF 
 1 Elias Lindholm                                    50     0   5  0  
 2 Joel Eriksson Ek                                  50     0   5  0  

Penalty Kill - 3 Players Defense
   Defense                  Defense                  Time % Phy DF OF 
 1 Cam Fowler               Roman Josi               50     0   5  0  
 2 Quinton Hughes           Miro Heiskanen           50     0   5  0  

4 vs 4 Forward 
   Center                   Wing                     Time % Phy DF OF 
 1 Elias Lindholm           Artemi Panarin           55     0   1  4  
 2 Joel Eriksson Ek         Mats Zuccarello          45     0   1  4  

4 vs 4 Defense
   Defense                  Defense                  Time % Phy DF OF 
 1 Miro Heiskanen           Roman Josi               55     0   1  4  
 2 Quinton Hughes           Cam Fowler               45     0   1  4  

Last Minutes Offensive
   Center                   Left Wing                Right Wing               Defense                  Defense                  
   Elias Lindholm           Artemi Panarin           Mats Zuccarello          Quinton Hughes           Roman Josi               

Last Minutes Defensive
   Center                   Left Wing                Right Wing               Defense                  Defense                  
   Elias Lindholm           Adam Henrique            Mats Zuccarello          Roman Josi               Miro Heiskanen           

Goaltenders
Starting : Joey Daccord             
Backup : Jordan Binnington        

Extra Forwards
Normal : Artemi Panarin, Mats Zuccarello, Elias Lindholm - PP : Mats Zuccarello, Artemi Panarin - PK : Roope Hintz
Extra Defensemen
Normal : Quinton Hughes, Miro Heiskanen, Roman Josi - PP : Quinton Hughes - PK : Roman Josi, Miro Heiskanen
Penalty Shots
Elias Lindholm, Mats Zuccarello, Artemi Panarin, Joel Eriksson Ek, Roope Hintz
Custom OT Lines Forwards
Artemi Panarin, Mats Zuccarello, Elias Lindholm, Roope Hintz, Joel Eriksson Ek, Adam Henrique, Tyler Toffoli, Jason Dickinson, Timo Meier, Jordan Staal
Custom OT Lines Defensemen
Quinton Hughes, Cam Fowler, Miro Heiskanen, Roman Josi, Nick Leddy

Scratches
Adam Erne (Healthy), Jeremy Swayman (Healthy)

KANSAS CITY KILLERBEES

5 vs 5 Forward 
   Center                   Left Wing                Right Wing               Time % Phy DF OF 
 1 Boone Jenner             Nicholas Paul            Philipp Kurashev         36     1   2  2  
 2 Tyler Johnson            James van Riemsdyk       Alexis Lafreniere        31     1   2  2  
 3 Morgan Barron            Zach Aston-Reese         Jakub Voracek            23     1   2  2  
 4 MacKenzie Entwistle      Jaret Anderson-Dolan     Denis Gurianov           10     1   2  2  

5 vs 5 Defense 
   Defense                  Defense                                           Time % Phy DF OF 
 1 Mattias Ekholm           K'Andre Miller                                    36     1   2  2  
 2 Riley Stillman           Jacob Muzzin                                      31     1   2  2  
 3 Daniel Walcott           Sean Walker                                       23     1   2  2  
 4 Mattias Ekholm           Jacob Muzzin                                      10     1   2  2  

PowerPlay Forward 
   Center                   Left Wing                Right Wing               Time % Phy DF OF 
 1 Boone Jenner             James van Riemsdyk       Philipp Kurashev         55     1   2  2  
 2 Tyler Johnson            Nicholas Paul            Alexis Lafreniere        45     1   2  2  

PowerPlay Defense
   Defense                  Defense                                           Time % Phy DF OF 
 1 Mattias Ekholm           K'Andre Miller                                    55     1   2  2  
 2 Sean Walker              Jacob Muzzin                                      45     1   2  2  

Penalty Kill 4 Players Forward 
   Center                   Wing                     Time % Phy DF OF 
 1 Boone Jenner             Tyler Johnson            55     1   2  2  
 2 James van Riemsdyk       Nicholas Paul            45     1   2  2  

Penalty Kill 4 Players Defense
   Defense                  Defense                  Time % Phy DF OF 
 1 Mattias Ekholm           K'Andre Miller           55     1   2  2  
 2 Sean Walker              Jacob Muzzin             45     1   2  2  

Penalty Kill - 3 Players Forward 
   Forward                                           Time % Phy DF OF 
 1 Boone Jenner                                      55     1   2  2  
 2 Tyler Johnson                                     45     1   2  2  

Penalty Kill - 3 Players Defense
   Defense                  Defense                  Time % Phy DF OF 
 1 Mattias Ekholm           K'Andre Miller           55     1   2  2  
 2 Sean Walker              Jacob Muzzin             45     1   2  2  

4 vs 4 Forward 
   Center                   Wing                     Time % Phy DF OF 
 1 Boone Jenner             Tyler Johnson            55     1   2  2  
 2 James van Riemsdyk       Nicholas Paul            45     1   2  2  

4 vs 4 Defense
   Defense                  Defense                  Time % Phy DF OF 
 1 Mattias Ekholm           K'Andre Miller           55     1   2  2  
 2 Sean Walker              Jacob Muzzin             45     1   2  2  

Last Minutes Offensive
   Center                   Left Wing                Right Wing               Defense                  Defense                  
   Boone Jenner             James van Riemsdyk       Philipp Kurashev         Mattias Ekholm           K'Andre Miller           

Last Minutes Defensive
   Center                   Left Wing                Right Wing               Defense                  Defense                  
   Boone Jenner             James van Riemsdyk       Philipp Kurashev         Mattias Ekholm           K'Andre Miller           

Goaltenders
Starting : John Gibson              
Backup : Ilya Samsonov            

Extra Forwards
Normal : Jakub Voracek, Morgan Barron, Zach Aston-Reese - PP : Jakub Voracek, Morgan Barron - PK : Zach Aston-Reese
Extra Defensemen
Normal : Daniel Walcott, Mattias Ekholm, Sean Walker - PP : Daniel Walcott - PK : Mattias Ekholm, Sean Walker
Penalty Shots
Boone Jenner, Tyler Johnson, James van Riemsdyk, Nicholas Paul, Philipp Kurashev
Custom OT Lines Forwards
Boone Jenner, Tyler Johnson, James van Riemsdyk, Nicholas Paul, Philipp Kurashev, Alexis Lafreniere, Jakub Voracek, Morgan Barron, Zach Aston-Reese, MacKenzie Entwistle
Custom OT Lines Defensemen
Mattias Ekholm, K'Andre Miller, Sean Walker, Jacob Muzzin, Daniel Walcott

Scratches
Anders Bjork (Healthy), Andreas Englund (Healthy), Nicolas Aube-Kubel (Healthy), Will Butcher (Healthy), Cal Petersen (Left Hand Injury)
Jake Kupsky (Healthy)

% Time on Ice - BANFF WOLVES

Lines # - Real PCT - Wanted PCT - Time Play
Normal Forward
1 - 36% - 36% - 19:16
2 - 33% - 34% - 17:53
3 - 26% - 25% - 14:07
4 - 5% - 5% - 2:47
Normal Defense
1 - 37% - 41% - 19:51
2 - 37% - 41% - 19:46
3 - 23% - 9% - 12:28
4 - 4% - 9% - 1:58
PP Forward
1 - 46% - 60% - 2:45
2 - 54% - 40% - 3:12
PP Defense
1 - 48% - 60% - 2:51
2 - 52% - 40% - 3:06
PK Forward
1 - 0% - 50%
2 - 0% - 50%
PK Defense
1 - 0% - 50%
2 - 0% - 50%
PK3 Forward
1 - 0% - 50%
2 - 0% - 50%
PK3 Defense
1 - 0% - 50%
2 - 0% - 50%
44 Forward
1 - 0% - 55%
2 - 0% - 45%
44 Defense
1 - 0% - 55%
2 - 0% - 45%
Last Minute Offensive  - 0:00
Last Minute Defensive  - 0:00
Total
Forward - 60:00
Defense - 60:00

% Time on Ice - KANSAS CITY KILLERBEES

Lines # - Real PCT - Wanted PCT - Time Play
Normal Forward
1 - 36% - 36% - 19:12
2 - 30% - 31% - 16:07
3 - 23% - 23% - 12:22
4 - 12% - 10% - 6:22
Normal Defense
1 - 34% - 36% - 18:08
2 - 31% - 31% - 16:46
3 - 29% - 23% - 15:38
4 - 7% - 10% - 3:31
PP Forward
1 - 0% - 55%
2 - 0% - 45%
PP Defense
1 - 0% - 55%
2 - 0% - 45%
PK Forward
1 - 63% - 55% - 3:46
2 - 37% - 45% - 2:11
PK Defense
1 - 39% - 55% - 2:20
2 - 61% - 45% - 3:37
PK3 Forward
1 - 0% - 55%
2 - 0% - 45%
PK3 Defense
1 - 0% - 55%
2 - 0% - 45%
44 Forward
1 - 0% - 55%
2 - 0% - 45%
44 Defense
1 - 0% - 55%
2 - 0% - 45%
Last Minute Offensive  - 0:00
Last Minute Defensive  - 0:00
Total
Forward - 60:00
Defense - 60:00

Play-by-Play

1st period


0:01 of 1st period - Elias Lindholm wins face-off versus Boone Jenner in neutral zone.
0:16 of 1st period - Shot by Mats Zuccarello.
0:16 of 1st period - Shot Misses the Net.
0:27 of 1st period - Shot by Miro Heiskanen.
0:27 of 1st period - Shot Blocked by Mattias Ekholm.
1:00 of 1st period - Off-side.
1:01 of 1st period - Jordan Staal wins face-off versus Tyler Johnson in neutral zone.
1:16 of 1st period - Shot by Tyler Toffoli.
1:16 of 1st period - Shot Misses the Net.
1:18 of 1st period - Shot by Roman Josi.
1:18 of 1st period - Goal by Roman Josi - BANFF WOLVES : 1 - KANSAS CITY KILLERBEES : 0.
1:19 of 1st period - Morgan Barron wins face-off versus Joel Eriksson Ek in neutral zone.
1:46 of 1st period - Icing by Morgan Barron.
1:47 of 1st period - Jordan Staal wins face-off versus Morgan Barron in KANSAS CITY KILLERBEES zone.
1:48 of 1st period - Shot by Adam Henrique.
1:48 of 1st period - Stopped by John Gibson with a rebound.
1:50 of 1st period - Shot by Jordan Staal.
1:50 of 1st period - Stopped by John Gibson without a rebound.
1:51 of 1st period - Jordan Staal wins face-off versus Alexis Lafreniere in KANSAS CITY KILLERBEES zone.
2:05 of 1st period - Off-side.
2:06 of 1st period - Joel Eriksson Ek wins face-off versus MacKenzie Entwistle in neutral zone.
2:19 of 1st period - Shot by Jaret Anderson-Dolan.
2:19 of 1st period - Shot Misses the Net.
2:38 of 1st period - Icing by Miro Heiskanen.
2:39 of 1st period - Joel Eriksson Ek wins face-off versus Tyler Johnson in BANFF WOLVES zone.
2:58 of 1st period - Shot by Miro Heiskanen.
2:58 of 1st period - Stopped by John Gibson without a rebound.
2:59 of 1st period - Elias Lindholm wins face-off versus Morgan Barron in KANSAS CITY KILLERBEES zone.
3:16 of 1st period - Shot by Cam Fowler.
3:16 of 1st period - Shot Blocked by Morgan Barron.
3:34 of 1st period - Shot by Elias Lindholm.
3:34 of 1st period - Stopped by John Gibson without a rebound.
3:35 of 1st period - Boone Jenner wins face-off versus Jordan Staal in KANSAS CITY KILLERBEES zone.
3:54 of 1st period - Miro Heiskanen is hit by Nicholas Paul.
4:08 of 1st period - Shot by Tyler Toffoli.
4:08 of 1st period - Stopped by John Gibson with a rebound.
4:25 of 1st period - Icing by Miro Heiskanen.
4:26 of 1st period - Tyler Johnson wins face-off versus Jordan Staal in BANFF WOLVES zone.
5:12 of 1st period - K'Andre Miller is hit by Joel Eriksson Ek and loses puck.
5:18 of 1st period - Mattias Ekholm is hit by Roman Josi and loses puck.
5:26 of 1st period - Icing by Cam Fowler.
5:27 of 1st period - Morgan Barron wins face-off versus Joel Eriksson Ek in BANFF WOLVES zone.
5:57 of 1st period - Off-side.
5:58 of 1st period - Elias Lindholm wins face-off versus Boone Jenner in neutral zone.
6:17 of 1st period - Shot by Mats Zuccarello.
6:17 of 1st period - Stopped by John Gibson without a rebound.
6:18 of 1st period - Jordan Staal wins face-off versus MacKenzie Entwistle in KANSAS CITY KILLERBEES zone.
7:00 of 1st period - Shot by Tyler Toffoli.
7:00 of 1st period - Shot Misses the Net.
7:53 of 1st period - Shot by Boone Jenner.
7:53 of 1st period - Stopped by Joey Daccord without a rebound.
7:54 of 1st period - Tyler Johnson wins face-off versus Elias Lindholm in BANFF WOLVES zone.
8:17 of 1st period - Shot by Elias Lindholm.
8:17 of 1st period - Deflect By Artemi Panarin.
8:17 of 1st period - Shot Misses the Net.
8:19 of 1st period - Shot by Roman Josi.
8:19 of 1st period - Stopped by John Gibson without a rebound.
8:20 of 1st period - Joel Eriksson Ek wins face-off versus Jakub Voracek in KANSAS CITY KILLERBEES zone.
8:57 of 1st period - Icing by Morgan Barron.
8:58 of 1st period - Elias Lindholm wins face-off versus Morgan Barron in KANSAS CITY KILLERBEES zone.
9:20 of 1st period - Off-side.
9:21 of 1st period - Tyler Johnson wins face-off versus Jordan Staal in neutral zone.
9:36 of 1st period - Icing by Jacob Muzzin.
9:37 of 1st period - Elias Lindholm wins face-off versus Tyler Johnson in KANSAS CITY KILLERBEES zone.
9:48 of 1st period - Shot by James van Riemsdyk.
9:48 of 1st period - Shot Misses the Net.
9:50 of 1st period - Shot by Riley Stillman.
9:50 of 1st period - Shot Misses the Net.
10:54 of 1st period - Shot by Boone Jenner.
10:54 of 1st period - Stopped by Joey Daccord without a rebound.
10:55 of 1st period - Jordan Staal wins face-off versus Morgan Barron in BANFF WOLVES zone.
11:32 of 1st period - Shot by Tyler Toffoli.
11:32 of 1st period - Shot Misses the Net.
11:49 of 1st period - Icing by Ian Cole.
11:50 of 1st period - Jordan Staal wins face-off versus Boone Jenner in BANFF WOLVES zone.
11:57 of 1st period - Sean Walker is hit by Adam Henrique and loses puck.
12:30 of 1st period - Shot by Joel Eriksson Ek.
12:30 of 1st period - Shot Blocked by Sean Walker.
12:47 of 1st period - Roope Hintz is hit by Daniel Walcott and loses puck.
13:07 of 1st period - Icing by Roman Josi.
13:08 of 1st period - Tyler Johnson wins face-off versus Elias Lindholm in BANFF WOLVES zone.
13:18 of 1st period - Icing by Roman Josi.
13:19 of 1st period - Elias Lindholm wins face-off versus MacKenzie Entwistle in BANFF WOLVES zone.
13:39 of 1st period - Shot by Elias Lindholm.
13:39 of 1st period - Stopped by John Gibson with a rebound.
13:55 of 1st period - Shot by Elias Lindholm.
13:55 of 1st period - Shot Misses the Net.
14:06 of 1st period - Off-side.
14:07 of 1st period - Joel Eriksson Ek wins face-off versus Tyler Johnson in neutral zone.
14:22 of 1st period - Shot by Joel Eriksson Ek.
14:22 of 1st period - Shot Blocked by Sean Walker.
14:50 of 1st period - Shot by Joel Eriksson Ek.
14:50 of 1st period - Goal by Joel Eriksson Ek - BANFF WOLVES : 2 - KANSAS CITY KILLERBEES : 0.
14:51 of 1st period - Jordan Staal wins face-off versus Boone Jenner in neutral zone.
15:03 of 1st period - Icing by K'Andre Miller.
15:04 of 1st period - Boone Jenner wins face-off versus Elias Lindholm in KANSAS CITY KILLERBEES zone.
17:03 of 1st period - Shot by Adam Henrique.
17:03 of 1st period - Shot Blocked by Jacob Muzzin.
17:25 of 1st period - Shot by Tyler Toffoli.
17:25 of 1st period - Shot Blocked by Jacob Muzzin.
17:37 of 1st period - Shot by Adam Henrique.
17:37 of 1st period - Goal by Adam Henrique - BANFF WOLVES : 3 - KANSAS CITY KILLERBEES : 0.
17:38 of 1st period - Elias Lindholm wins face-off versus Morgan Barron in neutral zone.
17:43 of 1st period - Shot by Artemi Panarin.
17:43 of 1st period - Stopped by John Gibson without a rebound.
17:44 of 1st period - Morgan Barron wins face-off versus Elias Lindholm in KANSAS CITY KILLERBEES zone.
17:44 of 1st period - Morgan Barron is hit by Artemi Panarin.
17:54 of 1st period - Shot by Jakub Voracek.
17:54 of 1st period - Shot Blocked by Miro Heiskanen.
17:56 of 1st period - Shot by Morgan Barron.
17:56 of 1st period - Stopped by Joey Daccord without a rebound.
17:57 of 1st period - Boone Jenner wins face-off versus Joel Eriksson Ek in BANFF WOLVES zone.
18:00 of 1st period - Shot by Philipp Kurashev.
18:00 of 1st period - Shot Misses the Net.
18:02 of 1st period - Shot by Boone Jenner.
18:02 of 1st period - Stopped by Joey Daccord without a rebound.
18:03 of 1st period - Boone Jenner wins face-off versus Elias Lindholm in BANFF WOLVES zone.
18:13 of 1st period - Icing by Elias Lindholm.
18:14 of 1st period - Elias Lindholm wins face-off versus Morgan Barron in BANFF WOLVES zone.
18:38 of 1st period - Shot by Morgan Barron.
18:38 of 1st period - Stopped by Joey Daccord without a rebound.
18:39 of 1st period - Joel Eriksson Ek wins face-off versus Boone Jenner in BANFF WOLVES zone.
19:23 of 1st period - Icing by Mattias Ekholm.
19:24 of 1st period - Elias Lindholm wins face-off versus Boone Jenner in KANSAS CITY KILLERBEES zone.
19:25 of 1st period - Shot by Artemi Panarin.
19:25 of 1st period - Shot Misses the Net.
19:37 of 1st period - Shot by Boone Jenner.
19:37 of 1st period - Stopped by Joey Daccord without a rebound.
19:38 of 1st period - Jordan Staal wins face-off versus Tyler Johnson in BANFF WOLVES zone.
Goals for this period are 3 for BANFF WOLVES vs 0 for KANSAS CITY KILLERBEES.
Shots for this period are 12 for BANFF WOLVES vs 6 for KANSAS CITY KILLERBEES.

2nd period


0:01 of 2nd period - Elias Lindholm wins face-off versus Morgan Barron in neutral zone.
0:03 of 2nd period - Miro Heiskanen is hit by Mattias Ekholm and loses puck.
0:31 of 2nd period - Icing by Quinton Hughes.
0:32 of 2nd period - Elias Lindholm wins face-off versus Tyler Johnson in BANFF WOLVES zone.
0:32 of 2nd period - Elias Lindholm is hit by Alexis Lafreniere.
0:40 of 2nd period - Shot by Alexis Lafreniere.
0:40 of 2nd period - Shot Misses the Net.
1:32 of 2nd period - Shot by Joel Eriksson Ek.
1:32 of 2nd period - Stopped by John Gibson without a rebound.
1:33 of 2nd period - Boone Jenner wins face-off versus Jordan Staal in KANSAS CITY KILLERBEES zone.
1:33 of 2nd period - Nicholas Paul is hit by Jordan Staal.
1:54 of 2nd period - Shot by Tyler Toffoli.
1:54 of 2nd period - Deflect By Adam Henrique.
1:54 of 2nd period - Stopped by John Gibson without a rebound.
1:55 of 2nd period - Morgan Barron wins face-off versus Joel Eriksson Ek in KANSAS CITY KILLERBEES zone.
2:12 of 2nd period - Shot by Joel Eriksson Ek.
2:12 of 2nd period - Shot Misses the Net.
2:14 of 2nd period - Shot by Timo Meier.
2:14 of 2nd period - Stopped by John Gibson without a rebound.
2:15 of 2nd period - Boone Jenner wins face-off versus Mats Zuccarello in KANSAS CITY KILLERBEES zone.
2:31 of 2nd period - Mats Zuccarello is hit by Riley Stillman and loses puck.
2:57 of 2nd period - Artemi Panarin is hit by Jacob Muzzin and loses puck.
3:02 of 2nd period - Shot by Artemi Panarin.
3:02 of 2nd period - Stopped by John Gibson without a rebound.
3:03 of 2nd period - Joel Eriksson Ek wins face-off versus Morgan Barron in KANSAS CITY KILLERBEES zone.
3:31 of 2nd period - Joel Eriksson Ek is hit by Zach Aston-Reese.
3:43 of 2nd period - Joel Eriksson Ek is hit by Zach Aston-Reese and loses puck.
5:02 of 2nd period - Mats Zuccarello is hit by Riley Stillman and loses puck.
5:26 of 2nd period - Riley Stillman is hit by Elias Lindholm and loses puck.
5:43 of 2nd period - Miro Heiskanen is hit by Alexis Lafreniere and loses puck.
5:45 of 2nd period - Minor Penalty to Tyler Johnson for Hooking.
5:46 of 2nd period - Joel Eriksson Ek wins face-off versus Boone Jenner in KANSAS CITY KILLERBEES zone.
6:01 of 2nd period - Shot by Timo Meier.
6:01 of 2nd period - Shot Misses the Net.
6:09 of 2nd period - Shot by Timo Meier.
6:09 of 2nd period - Stopped by John Gibson with a rebound.
6:11 of 2nd period - Shot by Joel Eriksson Ek.
6:11 of 2nd period - Shot Misses the Net.
6:19 of 2nd period - Shot by Roope Hintz.
6:19 of 2nd period - Shot Blocked by Boone Jenner.
6:21 of 2nd period - Shot by Joel Eriksson Ek.
6:21 of 2nd period - Stopped by John Gibson without a rebound.
6:22 of 2nd period - Boone Jenner wins face-off versus Mats Zuccarello in KANSAS CITY KILLERBEES zone.
6:42 of 2nd period - Icing by Elias Lindholm.
6:43 of 2nd period - James van Riemsdyk wins face-off versus Elias Lindholm in BANFF WOLVES zone.
7:36 of 2nd period - Shot by Roope Hintz.
7:36 of 2nd period - Stopped by John Gibson without a rebound.
7:37 of 2nd period - Tyler Toffoli wins face-off versus Boone Jenner in KANSAS CITY KILLERBEES zone.
8:04 of 2nd period - Off-side.
8:05 of 2nd period - Boone Jenner wins face-off versus Jordan Staal in neutral zone.
8:13 of 2nd period - Icing by Cam Fowler.
8:14 of 2nd period - Jordan Staal wins face-off versus Morgan Barron in BANFF WOLVES zone.
8:33 of 2nd period - Shot by Tyler Toffoli.
8:33 of 2nd period - Shot Blocked by Jakub Voracek.
8:41 of 2nd period - Shot by Tyler Toffoli.
8:41 of 2nd period - Stopped by John Gibson with a rebound.
8:43 of 2nd period - Shot by Cam Fowler.
8:43 of 2nd period - Deflect By Tyler Toffoli.
8:43 of 2nd period - Shot Misses the Net.
9:08 of 2nd period - Off-side.
9:09 of 2nd period - Joel Eriksson Ek wins face-off versus Tyler Johnson in neutral zone.
9:20 of 2nd period - Icing by Tyler Johnson.
9:21 of 2nd period - Tyler Johnson wins face-off versus Elias Lindholm in KANSAS CITY KILLERBEES zone.
9:36 of 2nd period - Shot by Tyler Johnson.
9:36 of 2nd period - Stopped by Joey Daccord without a rebound.
9:37 of 2nd period - Boone Jenner wins face-off versus Joel Eriksson Ek in BANFF WOLVES zone.
9:55 of 2nd period - Icing by Ian Cole.
9:56 of 2nd period - Joel Eriksson Ek wins face-off versus Tyler Johnson in BANFF WOLVES zone.
10:17 of 2nd period - Shot by Joel Eriksson Ek.
10:17 of 2nd period - Stopped by John Gibson without a rebound.
10:18 of 2nd period - Boone Jenner wins face-off versus Elias Lindholm in KANSAS CITY KILLERBEES zone.
10:58 of 2nd period - Off-side.
10:59 of 2nd period - Tyler Johnson wins face-off versus Joel Eriksson Ek in neutral zone.
11:19 of 2nd period - Shot by Tyler Johnson.
11:19 of 2nd period - Stopped by Joey Daccord without a rebound.
11:20 of 2nd period - Jordan Staal wins face-off versus MacKenzie Entwistle in BANFF WOLVES zone.
11:25 of 2nd period - Shot by Jordan Staal.
11:25 of 2nd period - Shot Misses the Net.
11:27 of 2nd period - Shot by Adam Henrique.
11:27 of 2nd period - Shot Misses the Net.
11:38 of 2nd period - Off-side.
11:39 of 2nd period - Boone Jenner wins face-off versus Joel Eriksson Ek in neutral zone.
11:39 of 2nd period - Boone Jenner is hit by Timo Meier.
11:47 of 2nd period - Shot by Boone Jenner.
11:47 of 2nd period - Shot Blocked by Miro Heiskanen.
11:50 of 2nd period - Philipp Kurashev is hit by Miro Heiskanen and loses puck.
11:59 of 2nd period - Shot by Nicholas Paul.
11:59 of 2nd period - Deflect By Boone Jenner.
11:59 of 2nd period - Shot Blocked by Miro Heiskanen.
12:01 of 2nd period - Shot by Boone Jenner.
12:01 of 2nd period - Stopped by Joey Daccord without a rebound.
12:02 of 2nd period - Tyler Johnson wins face-off versus Elias Lindholm in BANFF WOLVES zone.
12:03 of 2nd period - Shot by Alexis Lafreniere.
12:03 of 2nd period - Stopped by Joey Daccord without a rebound.
12:04 of 2nd period - Tyler Johnson wins face-off versus Mats Zuccarello in BANFF WOLVES zone.
13:08 of 2nd period - Icing by Miro Heiskanen.
13:09 of 2nd period - Boone Jenner wins face-off versus Joel Eriksson Ek in BANFF WOLVES zone.
13:15 of 2nd period - Boone Jenner is hit by Quinton Hughes and loses puck.
13:22 of 2nd period - Shot by Nicholas Paul.
13:22 of 2nd period - Shot Misses the Net.
13:24 of 2nd period - Shot by Boone Jenner.
13:24 of 2nd period - Deflect By Philipp Kurashev.
13:24 of 2nd period - Shot Blocked by Joel Eriksson Ek.
13:26 of 2nd period - Shot by Mattias Ekholm.
13:26 of 2nd period - Shot Blocked by Miro Heiskanen.
13:30 of 2nd period - Shot by Boone Jenner.
13:30 of 2nd period - Deflect By Nicholas Paul.
13:30 of 2nd period - Stopped by Joey Daccord with a rebound.
13:32 of 2nd period - Shot by Boone Jenner.
13:32 of 2nd period - Deflect By Nicholas Paul.
13:32 of 2nd period - Stopped by Joey Daccord without a rebound.
13:33 of 2nd period - Jordan Staal wins face-off versus MacKenzie Entwistle in BANFF WOLVES zone.
13:56 of 2nd period - Shot by Jaret Anderson-Dolan.
13:56 of 2nd period - Stopped by Joey Daccord without a rebound.
13:57 of 2nd period - Boone Jenner wins face-off versus Joel Eriksson Ek in BANFF WOLVES zone.
13:59 of 2nd period - Nicholas Paul is hit by Quinton Hughes.
14:04 of 2nd period - Boone Jenner is hit by Miro Heiskanen and loses puck.
14:16 of 2nd period - Nicholas Paul is hit by Timo Meier and loses puck.
14:42 of 2nd period - Icing by Riley Stillman.
14:43 of 2nd period - Elias Lindholm wins face-off versus Boone Jenner in KANSAS CITY KILLERBEES zone.
15:00 of 2nd period - Shot by Roman Josi.
15:00 of 2nd period - Shot Misses the Net.
15:02 of 2nd period - Shot by Cam Fowler.
15:02 of 2nd period - Stopped by John Gibson without a rebound.
15:03 of 2nd period - Jordan Staal wins face-off versus Tyler Johnson in KANSAS CITY KILLERBEES zone.
15:05 of 2nd period - Tyler Toffoli is hit by Mattias Ekholm and loses puck.
15:11 of 2nd period - Jordan Staal is hit by K'Andre Miller and loses puck.
15:43 of 2nd period - Icing by Nick Leddy.
15:44 of 2nd period - Jordan Staal wins face-off versus Morgan Barron in BANFF WOLVES zone.
16:44 of 2nd period - Shot by Joel Eriksson Ek.
16:44 of 2nd period - Shot Misses the Net.
17:56 of 2nd period - Shot by Elias Lindholm.
17:56 of 2nd period - Shot Blocked by Philipp Kurashev.
18:10 of 2nd period - Boone Jenner is hit by Jordan Staal and loses puck.
19:04 of 2nd period - Miro Heiskanen is hit by Jacob Muzzin and loses puck.
19:08 of 2nd period - Icing by Riley Stillman.
19:09 of 2nd period - Boone Jenner wins face-off versus Joel Eriksson Ek in KANSAS CITY KILLERBEES zone.
19:14 of 2nd period - Miro Heiskanen is hit by Boone Jenner and loses puck.
19:32 of 2nd period - Off-side.
19:33 of 2nd period - MacKenzie Entwistle wins face-off versus Elias Lindholm in neutral zone.
Goals for this period are 0 for BANFF WOLVES vs 0 for KANSAS CITY KILLERBEES.
Shots for this period are 10 for BANFF WOLVES vs 7 for KANSAS CITY KILLERBEES.

3rd period


0:01 of 3rd period - Tyler Johnson wins face-off versus Elias Lindholm in neutral zone.
0:06 of 3rd period - Shot by James van Riemsdyk.
0:06 of 3rd period - Stopped by Joey Daccord without a rebound.
0:07 of 3rd period - Joel Eriksson Ek wins face-off versus Tyler Johnson in BANFF WOLVES zone.
0:20 of 3rd period - Shot by Roman Josi.
0:20 of 3rd period - Stopped by John Gibson without a rebound.
0:21 of 3rd period - Boone Jenner wins face-off versus Elias Lindholm in KANSAS CITY KILLERBEES zone.
1:51 of 3rd period - Off-side.
1:52 of 3rd period - Adam Henrique wins face-off versus MacKenzie Entwistle in neutral zone.
2:28 of 3rd period - Shot by MacKenzie Entwistle.
2:28 of 3rd period - Shot Blocked by Ian Cole.
3:12 of 3rd period - Shot by Artemi Panarin.
3:12 of 3rd period - Goal by Artemi Panarin - BANFF WOLVES : 4 - KANSAS CITY KILLERBEES : 0.
3:12 of 3rd period - Ilya Samsonov enters game.
3:13 of 3rd period - Joel Eriksson Ek wins face-off versus Morgan Barron in neutral zone.
4:21 of 3rd period - Tyler Johnson is hit by Mats Zuccarello and loses puck.
4:49 of 3rd period - Icing by Cam Fowler.
4:50 of 3rd period - Boone Jenner wins face-off versus Elias Lindholm in BANFF WOLVES zone.
5:13 of 3rd period - Shot by Nicholas Paul.
5:13 of 3rd period - Shot Misses the Net.
5:15 of 3rd period - Shot by Riley Stillman.
5:15 of 3rd period - Shot Misses the Net.
5:17 of 3rd period - Shot by Boone Jenner.
5:17 of 3rd period - Stopped by Joey Daccord without a rebound.
5:18 of 3rd period - Timo Meier wins face-off versus Morgan Barron in BANFF WOLVES zone.
5:49 of 3rd period - Shot by Joel Eriksson Ek.
5:49 of 3rd period - Shot Misses the Net.
6:37 of 3rd period - Shot by Philipp Kurashev.
6:37 of 3rd period - Shot Misses the Net.
7:04 of 3rd period - Icing by Cam Fowler.
7:05 of 3rd period - Elias Lindholm wins face-off versus Tyler Johnson in BANFF WOLVES zone.
7:05 of 3rd period - Elias Lindholm is hit by Tyler Johnson.
7:12 of 3rd period - Minor Penalty to Jacob Muzzin for High sticking.
7:13 of 3rd period - Elias Lindholm wins face-off versus Boone Jenner in KANSAS CITY KILLERBEES zone.
8:15 of 3rd period - Icing by Miro Heiskanen.
8:16 of 3rd period - Joel Eriksson Ek wins face-off versus Boone Jenner in BANFF WOLVES zone.
9:40 of 3rd period - Shot by Jordan Staal.
9:40 of 3rd period - Shot Blocked by MacKenzie Entwistle.
9:42 of 3rd period - Shot by Adam Henrique.
9:42 of 3rd period - Shot Misses the Net.
9:44 of 3rd period - Shot by Jordan Staal.
9:44 of 3rd period - Stopped by Ilya Samsonov without a rebound.
9:45 of 3rd period - Elias Lindholm wins face-off versus Morgan Barron in KANSAS CITY KILLERBEES zone.
9:45 of 3rd period - Elias Lindholm is hit by Daniel Walcott.
9:59 of 3rd period - Shot by Mats Zuccarello.
9:59 of 3rd period - Stopped by Ilya Samsonov with a rebound.
10:01 of 3rd period - Shot by Cam Fowler.
10:01 of 3rd period - Goal by Cam Fowler - BANFF WOLVES : 5 - KANSAS CITY KILLERBEES : 0.
10:02 of 3rd period - Elias Lindholm wins face-off versus Tyler Johnson in neutral zone.
10:02 of 3rd period - Roman Josi is hit by Alexis Lafreniere and loses puck.
10:13 of 3rd period - Shot by James van Riemsdyk.
10:13 of 3rd period - Shot Misses the Net.
10:15 of 3rd period - Shot by James van Riemsdyk.
10:15 of 3rd period - Shot Blocked by Roman Josi.
11:22 of 3rd period - Minor Penalty to Jacob Muzzin for Holding.
11:23 of 3rd period - Boone Jenner wins face-off versus Joel Eriksson Ek in KANSAS CITY KILLERBEES zone.
12:33 of 3rd period - Shot by Mats Zuccarello.
12:33 of 3rd period - Shot Misses the Net.
12:35 of 3rd period - Shot by Roope Hintz.
12:35 of 3rd period - Stopped by Ilya Samsonov with a rebound.
12:43 of 3rd period - Shot by Elias Lindholm.
12:43 of 3rd period - Stopped by Ilya Samsonov without a rebound.
12:44 of 3rd period - James van Riemsdyk wins face-off versus Joel Eriksson Ek in KANSAS CITY KILLERBEES zone.
13:04 of 3rd period - Shot by Quinton Hughes.
13:04 of 3rd period - Stopped by Ilya Samsonov without a rebound.
13:05 of 3rd period - James van Riemsdyk wins face-off versus Elias Lindholm in KANSAS CITY KILLERBEES zone.
13:43 of 3rd period - Shot by Tyler Toffoli.
13:43 of 3rd period - Stopped by Ilya Samsonov with a rebound.
13:45 of 3rd period - Shot by Adam Henrique.
13:45 of 3rd period - Goal by Adam Henrique - BANFF WOLVES : 6 - KANSAS CITY KILLERBEES : 0.
13:46 of 3rd period - MacKenzie Entwistle wins face-off versus Joel Eriksson Ek in neutral zone.
14:07 of 3rd period - Shot by Jason Dickinson.
14:07 of 3rd period - Shot Misses the Net.
14:10 of 3rd period - Jason Dickinson is hit by Daniel Walcott and loses puck.
14:14 of 3rd period - Eric Staal is hit by Daniel Walcott.
15:20 of 3rd period - Shot by Alexis Lafreniere.
15:20 of 3rd period - Stopped by Joey Daccord without a rebound.
15:21 of 3rd period - Boone Jenner wins face-off versus Jordan Staal in BANFF WOLVES zone.
15:22 of 3rd period - Shot by Philipp Kurashev.
15:22 of 3rd period - Deflect By Boone Jenner.
15:22 of 3rd period - Stopped by Joey Daccord without a rebound.
15:23 of 3rd period - Jordan Staal wins face-off versus Boone Jenner in BANFF WOLVES zone.
15:30 of 3rd period - Nick Leddy is hit by Nicholas Paul and loses puck.
15:41 of 3rd period - Shot by Boone Jenner.
15:41 of 3rd period - Shot Misses the Net.
16:31 of 3rd period - Shot by Tyler Johnson.
16:31 of 3rd period - Stopped by Joey Daccord without a rebound.
16:32 of 3rd period - Tyler Johnson wins face-off versus Joel Eriksson Ek in BANFF WOLVES zone.
18:28 of 3rd period - Icing by Riley Stillman.
18:29 of 3rd period - Jordan Staal wins face-off versus Boone Jenner in KANSAS CITY KILLERBEES zone.
18:31 of 3rd period - Tyler Toffoli is hit by Jacob Muzzin and loses puck.
18:36 of 3rd period - Shot by Adam Henrique.
18:36 of 3rd period - Deflect By Tyler Toffoli.
18:36 of 3rd period - Stopped by Ilya Samsonov without a rebound.
18:37 of 3rd period - Boone Jenner wins face-off versus Joel Eriksson Ek in KANSAS CITY KILLERBEES zone.
18:54 of 3rd period - Icing by Jacob Muzzin.
18:55 of 3rd period - Jordan Staal wins face-off versus Boone Jenner in KANSAS CITY KILLERBEES zone.
19:14 of 3rd period - Shot by Tyler Toffoli.
19:14 of 3rd period - Shot Misses the Net.
19:20 of 3rd period - Shot by Adam Henrique.
19:20 of 3rd period - Shot Misses the Net.
19:22 of 3rd period - Shot by Jordan Staal.
19:22 of 3rd period - Stopped by Ilya Samsonov without a rebound.
19:23 of 3rd period - Joel Eriksson Ek wins face-off versus Tyler Johnson in KANSAS CITY KILLERBEES zone.
19:32 of 3rd period - Shot by Joel Eriksson Ek.
19:32 of 3rd period - Shot Blocked by Sean Walker.
19:38 of 3rd period - Shot by Joel Eriksson Ek.
19:38 of 3rd period - Stopped by Ilya Samsonov with a rebound.
19:54 of 3rd period - Shot by Timo Meier.
19:54 of 3rd period - Stopped by Ilya Samsonov without a rebound.
19:55 of 3rd period - Morgan Barron wins face-off versus Elias Lindholm in KANSAS CITY KILLERBEES zone.
Goals for this period are 3 for BANFF WOLVES vs 0 for KANSAS CITY KILLERBEES.
Shots for this period are 14 for BANFF WOLVES vs 5 for KANSAS CITY KILLERBEES.


BLAKE
WHEELER
STEVEN
STAMKOS
DREW
DOUGHTY

EAST COAST

HOCKEY LEAGUE

  • 63.RHI2PIT5
  • 64.WOR4ATL3
  • 65.QUECHW
  • 66.CHATRV